Match 45938039
Unlisted

Match 45938039
End
Scout Squad
Construct Weapon Support Center
M1919 Machine Gun Team
M1919 Machine Gun Team
M1919 Machine Gun Team
Bazooka Squad
Infantry Support Center
M3 Armored Personnel Carrier
Selects Heavy Weapons
Selects Assault Carriers
Selects M2HB .50cal Heavy Machine Gun
Engineer Squad
Construct Medical Station
Selects Halftrack Strongpoints
Bazooka Squad
M3 Assault Carrier
Bazooka Squad
Mortar Pit
Bazooka Squad
Bazooka Squad
Improved M9 Bazooka Rockets
Advanced Logistics
Kampfstärke
GEST1120
nogadaman
Tarsk____
LeeInfy
K90
runyourway
HHHCARL92
0
0

Comments sign in to comment!

No comments posted yet!